 Dungeon Crawl Stone Soup version 0.28-a0-1038-g9c4cb8273d (webtiles) character file.

Game seed: 13448731299215562868

64489 Turgor the Severer (level 14, -1/133 HPs)
             Began as a Minotaur Fighter on Dec 8, 2021.
             Was the Champion of Okawaru.
             Slain by an orc warrior (17 damage)
             ... on level 2 of the Orcish Mines.
             The game lasted 01:40:31 (24379 turns).

Turgor the Severer (Minotaur Fighter)              Turns: 24379, Time: 01:40:32

Health: -1/133     AC: 27    Str: 23    XL:     14   Next: 72%
Magic:  17/17      EV: 11    Int:  6    God:    Okawaru [******]
Gold:   2595       SH:  0    Dex:  9    Spells: 6/13 levels left

rFire   . . .      SeeInvis .   t - +3 executioner's axe (drain)
rCold   . . .      Faith    .   (shield currently unavailable)
rNeg    + + .      Spirit   .   K - +0 plate armour
rPois   +          Reflect  .   E - +1 hat
rElec   .          Harm     .   X - scarf {repulsion}
rCorr   .          Rampage  +   A - +0 pair of gloves
Will    +....                   Q - +2 pair of boots
Stlth   ..........              U - amulet "Ucsam" {RegenMP Rampage rPois rN++ Int-3}
HPRegen 0.32/turn               p - +4 ring of evasion
MPRegen 0.55/turn               N - +4 ring of protection

@: repel missiles
A: horns 2, retaliatory headbutt
a: Renounce Religion, Heroism, Finesse, Duel


You were on level 2 of the Orcish Mines.
You worshipped Okawaru.
Okawaru was exalted by your worship.
You visited 4 branches of the dungeon, and saw 21 of its levels.
You also visited: Sewer and Bailey.

You collected 2595 gold pieces.

Inventory:

Hand Weapons
 t - a +3 executioner's axe of draining (weapon)
 D - a +2 broad axe of electrocution
Missiles
 g - 9 silver javelins
 l - 49 poisoned darts (quivered)
 P - 2 throwing nets
 V - 8 curare-tipped darts
Armour
 c - the +0 buckler "Pohumu" {Will+ Str+4}
   (Okawaru gifted it to you on level 3 of the Lair of Beasts)

   Str:       It affects your strength (+4).
   Will:      It increases your willpower.
 A - a +0 pair of gloves (worn)
 E - a +1 hat (worn)
 K - a +0 plate armour (worn)
 Q - a +2 pair of boots (worn)
 X - a scarf of repulsion (worn)
Jewellery
 a - a ring of see invisible
 p - a +4 ring of evasion (left hand)
 N - a +4 ring of protection (right hand)
 U - the amulet "Ucsam" (around neck) {RegenMP Rampage rPois rN++ Int-3}
   (You found it on level 6 of the Lair of Beasts)

   [amulet of magic regeneration]

   It increases your rate of magic regeneration.
   Int:       It affects your intelligence (-3).
   rPois:     It protects you from poison.
   rN:        It greatly protects you from negative energy.
   Rampage:   It bestows one free step when moving towards enemies.
 W - a ring of protection from cold
Wands
 b - a wand of iceblast (22)
 B - a wand of flame (54)
 O - a wand of polymorph (24)
 T - a wand of acid (12)
Scrolls
 e - a scroll of holy word {unknown}
 j - a scroll of acquirement {unknown}
 k - 4 scrolls of magic mapping
 m - a scroll of silence {unknown}
 n - 3 scrolls of brand weapon {unknown}
 q - 3 scrolls of enchant armour {unknown}
 y - 8 scrolls of teleportation
 z - 2 scrolls of summoning {unknown}
 C - a scroll of enchant weapon {unknown}
 G - 2 scrolls of vulnerability {unknown}
 I - 4 scrolls of fear {unknown}
 J - a scroll of fog {unknown}
 L - a scroll of torment {unknown}
 M - 4 scrolls of blinking {unknown}
 R - a scroll of immolation {unknown}
 S - 4 scrolls of amnesia {unknown}
Potions
 d - 4 potions of might
 f - 6 potions of mutation
 h - 3 potions of flight
 i - 5 potions of lignification
 r - 5 potions of haste
 s - 6 potions of curing
 u - 2 potions of cancellation
 v - 2 potions of heal wounds
 w - a potion of resistance
 x - a potion of magic
 F - 6 potions of attraction
 H - 4 potions of brilliance
 Z - 3 potions of ambrosia
Miscellaneous
 o - a lightning rod (4/4)


   Skills:
 + Level 14.9 Fighting
 * Level 18.9 Axes
 + Level 6.2 Throwing
 + Level 14.8 Armour
 - Level 4.0 Shields
 - Level 6.0 Invocations
 + Level 7.8 Evocations


You had 6 spell levels left.
You knew the following spells:

 Your Spells              Type           Power      Damage    Failure   Level
a - Blink                 Tloc           0%         N/A       100%        2
b - Manifold Assault      Tloc           0%         N/A       100%        5

Your spell library contained the following spells:

 Spells                   Type           Power      Damage    Failure   Level
 Beastly Appendage        Tmut           0%         N/A       99%         1
 Pain                     Necr           0%         1d4       99%         1
 Ensorcelled Hibernation  Hex/Ice        0%         N/A       100%        2
 Static Discharge         Conj/Air       0%         N/A       100%        2
 Wereblood                Tmut           0%         N/A       100%        2
 Gell's Gravitas          Tloc           0%         N/A       100%        3
 Lesser Beckoning         Tloc           0%         N/A       100%        3
 Ozocubu's Armour         Ice            0%         N/A       100%        3
 Spider Form              Tmut/Pois      0%         N/A       100%        3
 Stone Arrow              Conj/Erth      0%         3d7       100%        3
 Teleport Other           Tloc           0%         N/A       100%        3
 Dispel Undead            Necr           0%         3d6       100%        4
 Petrify                  Tmut/Erth      0%         N/A       100%        4
 Sticky Flame             Conj/Fire      0%         2d3       100%        4
 Agony                    Necr           0%         N/A       100%        5
 Alistair's Intoxication  Tmut/Pois      0%         N/A       100%        5
 Blade Hands              Tmut           0%         N/A       100%        5
 Borgnjor's Vile Clutch   Necr/Erth      0%         N/A       100%        5
 Excruciating Wounds      Necr           0%         N/A       100%        5
 Metabolic Englaciation   Hex/Ice        0%         N/A       100%        5
 Eringya's Noxious Bog    Tmut/Pois      0%         N/A       100%        6
 Iron Shot                Conj/Erth      0%         9d1       100%        6
 Statue Form              Tmut/Erth      0%         N/A       100%        6
 Ozocubu's Refrigeration  Ice            0%         4d5       100%        7
 Lehudib's Crystal Spear  Conj/Erth      0%         10d2      100%        8
 Tukima's Dance           Hex            Unusable   N/A       N/A         3
 Animate Armour           Summ/Erth      Unusable   N/A       N/A         4
 Summon Forest            Summ/Tloc      Unusable   N/A       N/A         5
 Summon Hydra             Summ           Unusable   N/A       N/A         7

Dungeon Overview and Level Annotations

Branches:
Dungeon (12/15)            Temple (1/1) D:4            Lair (6/6) D:9
 Shoals (0/4) Lair:2        Snake (0/4) Lair:3        Slime (0/5) Lair:5
    Orc (2/2) D:11            Elf (0/3) Orc:2         Sewer (visited)
 Bailey (visited)

Altars:
Ashenzari
Cheibriados
Dithmenos
Elyvilon
Fedhas
Gozag
Hepliaklqana
Kikubaaqudgha
Makhleb
Nemelex Xobeh
Okawaru
Qazlal
Ru
Sif Muna
Trog
Uskayaw
Vehumet
Wu Jian
Xom
Yredelemnul
Zin
The Shining One
Jiyva

Shops:
D:5 (   Orc:2 !


Innate Abilities, Weirdness & Mutations

You have a pair of horns on your head.
You reflexively headbutt those who attack you in melee.


Message History

The sun demon hits you.
You are engulfed in flames!
An orc knight comes into view.
It is wielding a +0 halberd and wearing a +0 chain mail of cold resistance.
The orc warrior closely misses you. You furiously retaliate!
You headbutt the orc warrior!
The orc moves out of view.
Unknown command.
You slice the sun demon!!
You headbutt the sun demon, but do no damage.
The sun demon is heavily wounded.
You closely miss the orc warrior. The sun demon hits you!!
You are engulfed in flames!!
The orc warrior closely misses you. The sun demon hits you.
You are engulfed in flames!
You hear a shout!
You barely miss the sun demon.
You headbutt the sun demon, but do no damage.
The sun demon is heavily wounded.
You closely miss the orc warrior.
You hear a shout! x2
An orc comes into view. It is wielding a +0 hand axe.
The orc warrior hits you but does no damage.
An orc priest comes into view. It is wielding a +0 mace.
The sun demon hits you.
You are engulfed in flames!
* * * LOW HITPOINT WARNING * * *
The orc shouts!
The orc priest invokes the aid of Beogh against you.
Beogh smites you!
* * * LOW HITPOINT WARNING * * *
You hear a shout!
Things that are here:
a +0 whip; a +0 leather armour
Okay, then.
You feel much better.
An orc comes into view. It is wielding a +0 club.
The sun demon hits you!!
* * * LOW HITPOINT WARNING * * *
You are engulfed in flames!
* * * LOW HITPOINT WARNING * * *
The orc knight roars a battlecry!
The orcs go into a battle-frenzy!
The orc warrior hits you with a +0 mace!
You die...

**##..........#
##......)...##
#..........## ##.##...#..#*
####..###..# ##.)##*####
##..##*,** ##.)##*,,,**
##3@##*,*,*,**
*#oo##*,,,*,,,**
*#..##*,,,***,,,**
*#.o#**,,,**,**,,,**
*#ooo,,,,,**,,,**,,,**
*#..o,*,,,**,,*,,**,,,**
*#...#,,,,**,,***,,**,*,**
**∩.#o,,,,**,,*∩,**,,,,,,,*
***
*,...,*,,**,,,,,,∩**,*,,,,,


You could see an orc knight, a sun demon, 2 orc warriors, 2 orc priests and 3
orcs.

Vanquished Creatures
  2 boulder beetles
  3 catoblepae (Lair:6)
  8 hydras
  3 two-headed ogres
  15 death yaks
  Sonja (Lair:2)
  2 orc knights (Orc:2)
  2 ugly things
  2 orc sorcerers (Orc:2)
  4 manticores
  A cyclops (D:12)
  14 elephants
  7 black mambas
  2 gargoyles (D:11)
  10 cane toads
  A kobold demonologist (D:11)
  3 rime drakes
  6 komodo dragons
  7 trolls
  A polar bear (Lair:2)
  8 blink frogs
  A wraith (D:12)
  A vampire (D:10)
  2 wyverns
  92 yaks
  5 basilisks
  2 steam dragons
  4 wargs
  3 vampire mosquitoes (D:12)
  Menkaure (D:4)
  3 acid dragons
  24 water moccasins
  4 sky beasts
  12 orc warriors
  4 ogres
  9 centaurs
  3 lemures (D:8)
  2 kobold brigands (Sewer)
  3 scorpions (D:5)
  11 bullfrogs
  3 killer bees (D:9)
  11 wights
  A howler monkey (D:11)
  9 electric eels
  4 centaur zombies
  A crimson imp (D:7)
  3 hounds
  4 lava snakes (Lair:5)
  4 jellies (D:9)
  A bullfrog skeleton (D:6)
  A bullfrog zombie (D:5)
  A gnoll shaman (D:7)
  14 orc priests
  3 centaur skeletons
  Crazy Yiuf (D:7)
  Ijyb (D:4)
  4 iguanas
  14 orc wizards
  A killer bee zombie (D:8)
  2 howler monkey zombies
  9 gnolls
  7 adders
  2 river rats (D:4)
  A white imp (D:6)
  An adder skeleton (D:4)
  5 worms
  44 orcs
  5 endoplasms
  3 giant cockroaches
  13 goblins
  17 hobgoblins
  34 kobolds
  6 quokkas
  7 ball pythons
  8 bats
  5 frilled lizards
  12 rats
550 creatures vanquished.

Vanquished Creatures (others)
  2 orcs (Orc:2)
  34 fungi
  53 plants
89 creatures vanquished.

Grand Total: 639 creatures vanquished

Notes
Turn   | Place    | Note
-------+----------+-------------------------------------------
     0 | D:1      | Turgor the Minotaur Fighter began the quest for the Orb.
     0 | D:1      | Reached XP level 1. HP: 19/19 MP: 0/0
   299 | D:1      | Reached XP level 2. HP: 27/27 MP: 1/1
   598 | D:1      | Found a faded altar of an unknown god.
   880 | D:2      | Reached skill level 3 in Axes
   935 | D:2      | Reached XP level 3. HP: 31/33 MP: 2/2
  1792 | D:3      | Reached XP level 4. HP: 39/41 MP: 3/3
  1806 | D:3      | Found a shimmering blue altar of Sif Muna.
  2594 | D:4      | Reached skill level 4 in Axes
  2594 | D:4      | Reached XP level 5. HP: 18/47 MP: 4/4
  2621 | D:4      | Reached skill level 5 in Fighting
  2732 | D:4      | Reached skill level 5 in Armour
  2734 | D:4      | Found a glowing drain.
  2805 | Sewer    | Entered a sewer
  3006 | Sewer    | Reached XP level 6. HP: 55/56 MP: 5/5
  3327 | D:4      | Reached skill level 5 in Axes
  3329 | D:4      | Found a staircase to the Ecumenical Temple.
  3339 | Temple   | Entered the Ecumenical Temple
  3439 | Temple   | Became a worshipper of Warmaster Okawaru
  3571 | D:4      | Found a sparkling altar of Nemelex Xobeh.
  3602 | D:4      | Noticed Menkaure
  3609 | D:4      | Killed Menkaure
  3610 | D:4      | Reached XP level 7. HP: 34/63 MP: 6/6
  3768 | D:4      | Found a hazy altar of Hepliaklqana.
  3815 | D:4      | Noticed Ijyb
  3828 | D:4      | Killed Ijyb
  4096 | D:4      | Found a shimmering altar of Xom.
  4414 | D:5      | Entered Level 5 of the Dungeon
  4439 | D:5      | Reached skill level 6 in Axes
  4573 | D:5      | Found a sacrificial altar of Ru.
  4640 | D:5      | Found a stormy altar of Qazlal.
  4822 | D:5      | Found Zuimmin's Weapon Boutique.
  4875 | D:5      | Found an ancient bone altar of Kikubaaqudgha.
  4927 | D:5      | Reached * piety under Okawaru
  5003 | D:5      | Found a broken altar of Ashenzari.
  5030 | D:5      | You are sucked into a shaft and drop 2 floors!
  5357 | D:6      | Reached XP level 8. HP: 61/73 MP: 7/7
  5463 | D:6      | Reached skill level 7 in Axes
  6507 | D:7      | Noticed Joseph
  6508 | D:7      | Noticed Joseph
  6508 | D:7      | Joseph changed into Joseph the elephant
  6575 | D:7      | Reached ** piety under Okawaru
  6585 | D:7      | Killed Joseph the elephant
  6586 | D:7      | Reached skill level 8 in Axes
  6586 | D:7      | Reached skill level 1 in Throwing
  7063 | D:7      | Reached XP level 9. HP: 79/82 MP: 8/8
  7141 | D:7      | Found a glowing golden altar of the Shining One.
  7143 | D:7      | Noticed Maggie
  7146 | D:7      | Noticed Maggie
  7146 | D:7      | Maggie changed into Maggie the centaur
  7159 | D:7      | Killed Maggie the centaur
  7264 | D:7      | Found a radiant altar of Vehumet.
  7264 | D:7      | Found a burning altar of Makhleb.
  7425 | D:7      | Found a runed translucent door.
  7426 | D:7      | Noticed Crazy Yiuf
  7432 | D:7      | Killed Crazy Yiuf
  7482 | D:8      | Noticed Pikel
  7490 | D:8      | Noticed Pikel
  7490 | D:8      | Pikel changed into Pikel the komodo dragon
  7504 | D:8      | Killed Pikel the komodo dragon
  7504 | D:8      | Reached *** piety under Okawaru
  7505 | D:8      | Reached skill level 9 in Axes
  8226 | D:8      | Learned a level 2 spell: Blink
  8232 | D:8      | Learned a level 5 spell: Manifold Assault
  8257 | D:8      | Identified the +1 robe "Luhy" {Str+3}
  8277 | D:8      | Reached skill level 10 in Axes
  8521 | D:8      | Reached **** piety under Okawaru
  8526 | D:8      | Reached XP level 10. HP: 44/92 MP: 9/9
  9120 | D:9      | Noticed a two-headed ogre
  9131 | D:9      | Killed a two-headed ogre
  9132 | D:9      | Reached skill level 11 in Axes
  9326 | D:9      | Reached skill level 10 in Fighting
  9326 | D:9      | Reached skill level 10 in Armour
  9466 | D:9      | Noticed a death yak
  9488 | D:9      | Killed a death yak
  9488 | D:9      | Reached ***** piety under Okawaru
  9489 | D:9      | Reached skill level 5 in Throwing
  9517 | D:9      | Noticed a death yak
  9518 | D:9      | Noticed a death yak
  9539 | D:9      | Killed a death yak
  9540 | D:9      | Reached skill level 12 in Axes
  9553 | D:9      | Killed a death yak
 10073 | D:9      | Found a staircase to the Lair.
 10096 | D:9      | Found a viscous altar of Jiyva.
 10101 | D:9      | Reached XP level 11. HP: 64/96 MP: 10/10
 10331 | D:9      | Found a bloodstained altar of Trog.
 10435 | D:9      | Noticed a two-headed ogre
 10451 | D:9      | Killed a two-headed ogre
 10820 | D:9      | Found a shadowy altar of Dithmenos.
 10835 | D:9      | Received a gift from Okawaru
 10846 | D:9      | Reached skill level 13 in Axes
 11292 | D:10     | Entered Level 10 of the Dungeon
 12784 | D:11     | Reached skill level 1 in Invocations
 12798 | D:11     | Reached skill level 1 in Evocations
 12812 | D:11     | Found a staircase to the Orcish Mines.
 13069 | D:11     | Noticed a soul eater
 13722 | D:11     | Noticed a purple ugly thing
 13735 | D:11     | Killed a purple ugly thing
 13736 | D:11     | Reached skill level 14 in Axes
 14174 | D:12     | Noticed a green ugly thing
 14181 | D:12     | Killed a green ugly thing
 14597 | D:12     | Reached XP level 12. HP: 99/112 MP: 13/13
 14653 | D:12     | Noticed a two-headed ogre
 14662 | D:12     | Killed a two-headed ogre
 14849 | D:12     | Noticed a boulder beetle
 14864 | D:12     | Killed a boulder beetle
 15387 | Lair:1   | Entered Level 1 of the Lair of Beasts
 15425 | Lair:1   | Reached ****** piety under Okawaru
 15578 | Lair:1   | Received a gift from Okawaru
 15902 | Lair:1   | Reached skill level 15 in Axes
 16053 | Lair:1   | Received a gift from Okawaru
 16693 | Lair:2   | Noticed a five-headed hydra
 16708 | Lair:2   | Killed a ten-headed hydra
 17180 | Lair:2   | Noticed Sonja
 17200 | Lair:2   | Killed Sonja
 17460 | Lair:2   | Received a gift from Okawaru
 17472 | Lair:2   | Reached skill level 5 in Invocations
 17783 | Lair:2   | Found a staircase to the Shoals.
 18236 | Lair:3   | Noticed a death yak
 18236 | Lair:3   | Noticed a death yak
 18236 | Lair:3   | Noticed a death yak
 18236 | Lair:3   | Noticed a death yak
 18236 | Lair:3   | Noticed a death yak
 18236 | Lair:3   | Noticed a death yak
 18243 | Lair:3   | Killed a death yak
 18243 | Lair:3   | Killed a death yak
 18244 | Lair:3   | Reached skill level 16 in Axes
 18244 | Lair:3   | Reached skill level 5 in Evocations
 18244 | Lair:3   | Reached XP level 13. HP: 62/122 MP: 13/16
 18623 | Lair:3   | Received a gift from Okawaru
 18643 | Lair:3   | Identified the +0 buckler "Pohumu" {Will+ Str+4} (Okawaru
                  | gifted it to you on level 3 of the Lair of Beasts)
 18643 | Lair:3   | Received a gift from Okawaru
 18844 | Lair:3   | Found a staircase to the Snake Pit.
 19224 | Lair:3   | Reached skill level 17 in Axes
 20944 | Lair:5   | Reached XP level 14. HP: 119/132 MP: 17/17
 20987 | Lair:5   | Found a staircase to the Slime Pits.
 20987 | Lair:5   | Found a viscous altar of Jiyva.
 21013 | Lair:5   | Identified the +6 short sword of the Sneaky Teeth
                  | {antimagic, Contam *Noise rCorr Dex+8}
 21562 | Lair:6   | Entered Level 6 of the Lair of Beasts
 21873 | Lair:6   | Reached skill level 18 in Axes
 21888 | Lair:6   | Identified the +1 robe "Cetisi" {Dex+4} (Okawaru gifted it
                  | to you on level 6 of the Lair of Beasts)
 21888 | Lair:6   | Received a gift from Okawaru
 21903 | Lair:6   | Identified the amulet "Ucsam" {RegenMP Rampage rPois rN++
                  | Int-3}
 23599 | Orc:1    | Entered Level 1 of the Orcish Mines
 23622 | Orc:2    | Entered Level 2 of the Orcish Mines
 23650 | Orc:1    | Found a flagged portal.
 23675 | Bailey   | Entered a bailey
 24133 | Orc:2    | Paralysed by an orc sorcerer for 4 turns
 24285 | Orc:2    | Noticed an orc warlord
 24341 | Orc:2    | Received a gift from Okawaru
 24375 | Orc:2    | Found Veepnef's Distillery.
 24379 | Orc:2    | Slain by an orc warrior

Illustrated notes

Levels and vault maps discovered:
D:1:      ebering_trefoil_twist, layout_basic,
          shapermc_ecumenical_altar_mp_highgroup
D:2:      layout_basic
D:3:      layout_loops_ring, lemuel_doored_altar, kennysheep_generic_room_10
D:4:      layout_loops_ring, mainiacjoe_overflow_chevrons,
          amcnicky_altar_gilded, lemuel_coloured_pillars_altar,
          minmay_temple_entry_offerings, lightli_sewer_entry_pipes,
          serial_glass, glass_columns_c, glass_columns_b, uniq_menkaure,
          uniq_ijyb
D:5:      layout_basic, cheibrodos_ashenzari_chains,
          mainiacjoe_overflow_big_doors, nicolae_ru_great_annihilating_truth,
          serial_shops, shop
D:6:      layout_cave_pools, kennysheep_doodads
D:7:      layout_basic, grunt_temple_overflow_lords_of_destruction,
          tso_oasis_becter, uniq_joseph, uniq_crazy_yiuf_cottage, uniq_maggie
D:8:      layout_gridville, grunt_decor_arrowhead, hangedman_decor_peaks_small,
          minmay_circle_x, uniq_pikel
D:9:      layout_irregular_city, general_overflow_altar,
          nicolae_dithmenos_shadow_blocks, dpeg_lair_monsters, jiyva_altar_1
D:10:     layout_basic, hex_tiny
D:11:     layout_roguey, erik_orc_3
D:12:     layout_roguey
Temple:   compressed_dpeg_triangle_lava_temple
Lair:1:   layout_roguey, grunt_megastairs_5
Lair:2:   layout_regular_city, elwin_shoals_entry_rooms,
          infiniplex_staircase_pool, uniq_sonja
Lair:3:   layout_regular_city, minmay_snake_entry_six_corridors
Lair:4:   layout_roguey, nzn_sisyphean_effort
Lair:5:   layout_roguey, slime_altar_1, nicolae_lair_liquid_snakes
Lair:6:   evilmike_catoblepas_cave, layout_concentric_octagons,
          serial_bayou_pond_d, st_stairs_10
Orc:1:    layout_caves, enter_bailey_2
Orc:2:    pf_orc_diabolical, layout_diamond_mine, minmay_orc_treasury

Skill      XL: |  1  2  3  4  5  6  7  8  9 10 11 12 13 14 |
---------------+-------------------------------------------+-----
Shields        | 4 |  4.0
Fighting       | 4 5 6 7 8 9 10 11 13 14 | 14.9
Armour         | 4 5 6 7 8 9 10 11 12 13 14 | 14.8
Axes           | 3 4 5 6 8 10 12 14 16 17 18 | 18.9
Throwing       | 2 4 5 6 |  6.2
Invocations    | 3 5 6 |  6.0
Evocations     | 2 5 6 7 |  7.8

Action                   |  1- 3 |  4- 6 |  7- 9 | 10-12 | 13-15 || total
-------------------------+-------+-------+-------+-------+-------++-------
Melee: War axe           |    81 |   153 |   300 |   570 |       ||  1104
       Headbutt          |     7 |    26 |    58 |   149 |    69 ||   309
       Executioner's axe |       |       |       |   111 |   474 ||   585
Throw: Stone             |     4 |       |       |       |       ||     4
       Dart              |       |       |       |    17 |    39 ||    56
Invok: Heroism           |       |       |       |     3 |    14 ||    17
Evoke: Wand              |       |       |     3 |    19 |     8 ||    30
       Lightning rod     |       |       |       |       |     2 ||     2
  Use: Scroll            |       |     3 |     5 |     3 |     7 ||    18
       Potion            |       |       |     1 |     4 |     4 ||     9
 Stab: Petrified         |       |       |       |       |     2 ||     2
       Petrifying        |       |       |       |       |     1 ||     1
Armor: Scale mail        |    25 |    45 |   119 |       |       ||   189
       Plate armour      |       |       |    71 |   400 |   435 ||   906
Dodge: Dodged            |    33 |    88 |   154 |   299 |   363 ||   937
       Repelled          |       |       |       |       |     7 ||     7
Block: Buckler           |    10 |    25 |    75 |   104 |       ||   214

Table legend: (Time is in decaauts)
 A = Elapsed time spent in this place.
 B = Non-inter-level travel time spent in this place.
 C = Inter-level travel time spent in this place.
 D = Time resting spent in this place.
 E = Time spent auto-exploring this place.
 F = Levels seen in this place.
 G = Mean time per level.
                   A        B        C        D        E       F      G
               +--------+--------+--------+--------+--------+-----+--------+
         Total |  24452 |  23479 |    973 |   2218 |  16732 |  23 | 1063.1 |
       Dungeon |  15105 |  14426 |    679 |   1481 |  10443 |  12 | 1258.8 |
        Temple |    118 |    101 |     17 |      0 |      0 |   1 |  118.0 |
          Lair |   8090 |   7827 |    263 |    541 |   6161 |   6 | 1348.3 |
  Orcish Mines |    548 |    534 |     14 |    157 |    128 |   2 |  274.0 |
         Sewer |    374 |    374 |      0 |      7 |      0 |   1 |  374.0 |
        Bailey |    213 |    213 |      0 |     32 |      0 |   1 |  213.0 |
               +--------+--------+--------+--------+--------+-----+--------+

Top non-repeatable levels by time:
     D:9: 2556 daAuts
  Lair:2: 1855 daAuts
  Lair:6: 1820 daAuts
     D:8: 1588 daAuts
     D:4: 1561 daAuts
  Lair:3: 1384 daAuts
    D:10: 1383 daAuts
    D:11: 1286 daAuts
  Lair:1: 1245 daAuts
     D:7: 1158 daAuts
    D:12: 1115 daAuts
     D:5: 987 daAuts
     D:2: 973 daAuts
  Lair:5: 962 daAuts
     D:6: 943 daAuts
